 Dungeon Crawl Stone Soup version 0.16.1-11-g651b585 (webtiles) character file.

51 vatarom the Insei (level 3, -3/24 HPs)
             Began as an Octopode Transmuter on Apr 4, 2015.
             Killed from afar by tompliss' ghost (14 damage)
             ... with a puff of frost
             ... on level 3 of the Dungeon.
             The game lasted 00:03:11 (2095 turns).

vatarom the Insei (Octopode Transmuter)             Turns: 2095, Time: 00:03:11

Health: -3/24      AC:  1    Str:  9    XL:     3   Next: 81%
Magic:  6/6        EV: 12    Int: 15    God:
Gold:   46         SH:  0    Dex: 13    Spells: 3 memorised, 0 levels left

rFire  . . .     SeeInvis .       - Unarmed
rCold  . . .     Clarity  .     (no shield)
rNeg   . . .     SustAb   .     (helmet restricted)
rPois  .         Gourm    .     (no amulet)
rElec  .         Spirit   .     (no ring)
rCorr  .         Warding  .     (no ring)
rMut   .         Stasis   .     (no ring)
MR     .....                    (no ring)
Stlth  +++.......               (no ring)
                                (no ring)
                                (no ring)
                                (no ring)

@: not resistant to hostile enchantments, fairly stealthy
A: almost no armour, amphibious, 8 rings, constrict 8, camouflage 1, gelatinous
body 1
a: no special abilities


You were on level 3 of the Dungeon.
You were not hungry.

You visited 1 branch of the dungeon, and saw 4 of its levels.

You collected 46 gold pieces.

Inventory:

Missiles
 b - 64 arrows
Armour
 j - a +0 buckler
Scrolls
 c - a scroll of immolation
 h - a scroll of identify
Potions
 e - a potion of restore abilities {unknown}
 i - a potion of curing
 k - a potion of degeneration {unknown}
Books
 d - a book of Changes

   Spells                             Type                      Level
   a - Beastly Appendage              Transmutation                1
   b - Sticks to Snakes               Transmutation                2
   c - Spider Form                    Transmutation/Poison         3
   d - Ice Form                       Ice/Transmutation            4
   e - Blade Hands                    Transmutation                5
Comestibles
 a - a bread ration
 f - a meat ration
 g - a beef jerky


   Skills:
 + Level 2.1 Fighting
 - Level 2.0 Dodging
 - Level 2.0 Stealth
 - Level 3.0 Unarmed Combat
 - Level 2.0 Spellcasting
 + Level 3.0 Transmutations


You couldn't memorise any spells.
You knew the following spells:

 Your Spells              Type           Power        Failure   Level  Hunger
a - Beastly Appendage     Trmt           ##....       8%          1    #......
b - Sticks to Snakes      Trmt           ##........   12%         2    ###....
c - Spider Form           Trmt/Pois      #.........   34%         3    ###....


Dungeon Overview and Level Annotations

Branches:
Dungeon (4/15)
 Temple: D:4-7

Altars:

Annotations:
D:3 tompliss' ghost, average DrIE
D:4 Grinder


Innate Abilities, Weirdness & Mutations

You cannot wear most types of armour.
You are amphibious.
You can wear up to eight rings at the same time.
You can use your tentacles to constrict many enemies at once.
Your skin changes colour to match your surroundings (Stealth).
Your rubbery body absorbs attacks (AC +1).


Message History

HP restored.
Grinder comes into view.
Grinder is nearby!
Casting: Beastly Appendage
Confirm with . or Enter, or press ? or * to list all spells.
Okay, then.
There is a stone staircase leading up here.
Found 24 stones.
There is a stone staircase leading up here.
You climb upwards.
Level annotation: tompliss' ghost, average DrIE The rat barely misses you.
There is a stone staircase leading down here.
Tompliss' ghost points at you and mumbles some strange words.
The puff of frost hits you!
Ouch! That really hurt!
Tompliss' ghost points at you and mumbles some strange words.
The puff of frost hits you!
Ouch! That really hurt!
You die...

## ###### ### ..
.....# #.. <##.....#.
#.# ......... #(#
#......#
.....###.รท....#..
#.##.............
#.######<#.#.####
#####.######@....##..
#...#.##..r..........
#.....##..>...W##....
#...####.......# ...
##.## #.......# #.###
#.......# #...#
#.......##...
###.###.............
#.#.......####.##


You could see tompliss' ghost and a rat.

Vanquished Creatures
  Jessica (D:2)
  A worm (D:2)
  An ooze (D:1)
  4 bats
  2 giant cockroaches (D:1)
  5 hobgoblins
  5 jackals (D:1)
  A quokka (D:2)
  5 rats
25 creatures vanquished.

Vanquished Creatures (collateral kills)
  A goblin (D:2)
1 creature vanquished.

Grand Total: 26 creatures vanquished

Notes
Turn   | Place    | Note
--------------------------------------------------------------
     0 | D:1      | vatarom, the Octopode Transmuter, began the quest for the Orb.
     0 | D:1      | Reached XP level 1. HP: 13/13 MP: 3/3
   211 | D:1      | Reached skill level 1 in Stealth
   213 | D:1      | Reached XP level 2. HP: 5/18 MP: 2/4
   886 | D:1      | Learned a level 2 spell: Sticks to Snakes
  1176 | D:2      | Noticed Jessica
  1185 | D:2      | Killed Jessica
  1185 | D:2      | Reached XP level 3. HP: 22/24 MP: 0/6
  1354 | D:2      | Learned a level 3 spell: Spider Form
  1803 | D:3      | Noticed tompliss' ghost (average DrIE)
  2083 | D:4      | Noticed Grinder
  2095 | D:3      | Killed from afar by tompliss' ghost

Action                   || total
-------------------------++-------
Melee: Unarmed           ||    62
 Cast: Beastly Appendage ||     7
       Sticks to Snakes  ||     2
  Use: Potion            ||     5
       Scroll            ||     7
 Stab: Sleeping          ||     3
  Eat: Chunk             ||     1
       Bread ration      ||     1
